 Dungeon Crawl Stone Soup version 0.28-a0-1594-ga885d4b3d6 (webtiles) character file.

Game seed: 13775928165699124570

214 HallandMoats the Skirmisher (level 5, 0/33 HPs)
             Began as a Gargoyle Fighter on Jan 21, 2022.
             Was a Follower of Ru.
             Killed from afar by an orc wizard (7 damage)
             ... with a puff of flame
             ... on level 2 of the Dungeon.
             The game lasted 00:03:18 (3375 turns).

HallandMoats the Skirmisher (Gargoyle Fighter)      Turns: 3375, Time: 00:03:18

Health: 0/33       AC: 12    Str: 19    XL:     5   Next: 92%
Magic:  5/5        EV:  9    Int:  9    God:    Ru [*.....]
Gold:   90         SH:  4    Dex: 11    Spells: 4/4 levels left

rFire   . . .      SeeInvis .   b - +0 hand axe
rCold   . . .      Faith    .   c - +0 buckler
rNeg    + . .      Spirit   .   j - +0 scale mail
rPois   ∞          Reflect  .   d - +0 helmet
rElec   +          Harm     .   (no cloak)
rCorr   .          Rampage  .   (no gloves)
Will    .....                   (no boots)
Stlth   ..........              (no amulet)
HPRegen 0.11/turn               (no ring)
MPRegen 0.09/turn               (no ring)

@: no status effects
A: sickness immunity, AC +4, negative energy resistance 1, electricity
resistance, torment resistance 1, petrification resistance, unskilled 1
a: Renounce Religion


You were on level 2 of the Dungeon.
You worshipped Ru.
Ru was aware of your devotion.
You visited 1 branch of the dungeon, and saw 3 of its levels.

You collected 90 gold pieces.

Inventory:

Hand Weapons
 b - a +0 hand axe (weapon)
Missiles
 l - a throwing net (quivered)
Armour
 c - a +0 buckler (worn)
 d - a +0 helmet (worn)
 j - a +0 scale mail (worn)
Scrolls
 e - 3 scrolls of identify {unknown}
 f - a scroll of blinking {unknown}
 g - a scroll of fear {unknown}
 h - a scroll of silence {unknown}
 i - 2 scrolls of teleportation {unknown}
 k - 2 scrolls of enchant armour {unknown}
Potions
 a - a potion of brilliance {unknown}
 m - 2 potions of ambrosia {unknown}


   Skills:
 + Level 3.6 Fighting
 * Level 2.8 Axes
 + Level 3.6 Armour
 * Level 2.1 Dodging
 + Level 3.5 Shields


You had 4 spell levels left.
You didn't know any spells.
Your spell library was empty.

Dungeon Overview and Level Annotations

Branches:
Dungeon (3/15)

Altars:
Ru
Zin


Innate Abilities, Weirdness & Mutations

You are immune to sickness and miasma.
Your stone body is resilient. (AC +4)
You are immune to poison.
You resist negative energy. (rN+)
You are resistant to electric shocks. (rElec)
You are resistant to unholy torment.
You are immune to petrification.
You are somewhat unskilled. (-1 Apt)


Message History

You hear some strange, mumbled words.
A puff of flame appears from out of thin air!
The puff of flame hits you.
You're too confused to move!
You feel less confused. Something hits you but does no damage.
You miss something.
You hear some strange, mumbled words.
A puff of flame appears from out of thin air!
The puff of flame hits you!
You miss something. Something hits you but does no damage.
You closely miss something.
You hear some strange, mumbled words.
You are confused.
You hear some strange, mumbled words.
A puff of flame appears from out of thin air!
The puff of flame misses you.
You barely miss something. Something hits you but does no damage.
You bump into the rock wall.
You hear some strange, mumbled words.
A puff of flame appears from out of thin air!
The puff of flame misses you.
You hear some strange, mumbled words.
A puff of flame appears from out of thin air!
The puff of flame hits you!
* * * LOW HITPOINT WARNING * * *
Something hits you but does no damage.
You completely miss something.
You feel less confused. Something hits you but does no damage.
You hit something. Something hits you but does no damage.
You closely miss something.
You hear some strange, mumbled words.
Something tries to affect you, but you resist.
You closely miss something. You closely miss something.
You hear some strange, mumbled words.
A puff of flame appears from out of thin air!
The puff of flame hits you!
You die...

..#######...##..# #######
#.#.# ..######.....#..#
#.....###.#.#
.............#..#
#.###.##....#
.............#..# #.#
#....#..#
..........).....#
#.###.##...###
######.......####
#.....###....# ###....##
###.########.#
#....##########.##.......#
####..)>{@......##.#######
###..############.# #....#
#.# #.##.# #.# #.##.# #.#
#.##.# #.# #.##.# #.#
#.##.# #.# #.##.# ##.##


There were no monsters in sight!

Vanquished Creatures
  A scorpion (D:3)
  Terence (D:2)
  Robin (D:3)
  A gnoll (D:2)
  2 adders (D:2)
  A worm (D:2)
  2 dart slugs
  2 orcs (D:3)
  4 bats
  5 endoplasms
  2 giant cockroaches
  17 goblins
  8 hobgoblins
  4 kobolds
  6 quokkas
  6 ball pythons
  5 frilled lizards
  4 rats
72 creatures vanquished.

Notes
Turn   | Place    | Note
-------+----------+-------------------------------------------
     0 | D:1      | HallandMoats the Gargoyle Fighter began the quest for the
                  | Orb.
     0 | D:1      | Reached XP level 1. HP: 14/14 MP: 1/1
   389 | D:1      | Reached XP level 2. HP: 19/19 MP: 2/2
   896 | D:1      | Reached XP level 3. HP: 23/23 MP: 3/3
   903 | D:1      | Reached skill level 1 in Dodging
  1146 | D:1      | Found a faded altar of an unknown god.
  1146 | D:1      | Noticed a Tzitzimitl
  1179 | D:1      | Prayed at the altar of an unknown god.
  1179 | D:1      | Became a worshipper of Ru the Awakened
  1199 | D:1      | Gained mutation: You are somewhat unskilled. (-1 Apt) [Ru
                  | sacrifice]
  1199 | D:1      | Reached * piety under Ru
  1613 | D:2      | Noticed Terence
  1621 | D:2      | Killed Terence
  1622 | D:2      | Reached XP level 4. HP: 17/28 MP: 4/4
  2395 | D:3      | Noticed a scorpion
  2398 | D:3      | Noticed Robin
  2408 | D:3      | Killed a scorpion
  2408 | D:3      | Killed Robin
  2409 | D:3      | Reached XP level 5. HP: 11/32 MP: 5/5
  2960 | D:3      | Noticed an angel
  2961 | D:3      | Found a glowing silver altar of Zin.
  3375 | D:2      | Killed from afar by an orc wizard

Illustrated notes

Levels and vault maps discovered:
D:1:      pf_arrival_petrified_forest, layout_basic,
          dreamdust_ecumenical_altar_sealed_demon, minmay_tiny_reverse_x
D:2:      layout_loops_ring, minmay_increasing_density, uniq_terence
D:3:      layout_basic, zin_angel, cheibrodos_sewer_entry_bend, uniq_robin

Skill      XL: |  1  2  3  4  5 |
---------------+----------------+-----
Axes           | 2 |  2.8
Dodging        | 1 2 |  2.1
Fighting       | |  3.6
Armour         | |  3.6
Shields        | |  3.5

Action                   |  1- 3 |  4- 6 || total
-------------------------+-------+-------++-------
Melee: War axe           |   100 |    47 ||   147
       Hand axe          |       |    49 ||    49
Invok: Sacrifice Skill   |     1 |       ||     1
  Use: Potion            |       |     1 ||     1
Armor: Scale mail        |    68 |    55 ||   123
Dodge: Dodged            |    61 |    58 ||   119
Block: Buckler           |    18 |    24 ||    42

Table legend: (Time is in decaauts)
 A = Elapsed time spent in this place.
 B = Non-inter-level travel time spent in this place.
 C = Inter-level travel time spent in this place.
 D = Time resting spent in this place.
 E = Time spent auto-exploring this place.
 F = Levels seen in this place.
 G = Mean time per level.
                   A        B        C        D        E       F      G
               +--------+--------+--------+--------+--------+-----+--------+
         Total |   3449 |   3381 |     68 |    187 |   2645 |   3 | 1149.7 |
       Dungeon |   3449 |   3381 |     68 |    187 |   2645 |   3 | 1149.7 |
               +--------+--------+--------+--------+--------+-----+--------+

Top non-repeatable levels by time:
     D:2: 1441 daAuts
     D:1: 1235 daAuts
     D:3: 772 daAuts
